 Dungeon Sprint DCSS version 0.26-a0-690-gcb57259078 (webtiles) character file.

Game seed: 15346845352183518583

208 mhtbhm the Poker (level 5, -4/48 HPs)
             Began as a Merfolk Fighter on Oct 25, 2020.
             Was a Follower of Trog.
             Slain by an unseen horror (5 damage)
             ... in the Dungeon (Sprint IX: "|||||||||||||||||||||||||||||").
             The game lasted 00:00:56 (306 turns).

mhtbhm the Poker (Merfolk Fighter)                   Turns: 306, Time: 00:00:56

Health: -4/48      AC: 13    Str: 20    XL:     5   Next: 86%
Magic:  5/5        EV:  5    Int: 10    God:    Trog [*.....]
Gold:   0          SH: 10    Dex: 14    Spells: 4/4 levels left

rFire    . . .     SeeInvis .   a - +0 trident
rCold    . . .     Faith    .   c - +0 kite shield
rNeg     . . .     Spirit   .   b - +0 plate armour
rPois    .         Reflect  .   (no helmet)
rElec    .         Harm     .   (no cloak)
rCorr    .         Rampage  .   (no gloves)
MR       .....     NoTele   +   o - +0 pair of boots
Stlth    ..........             (no amulet)
HPRegen  0.16/turn              m - +3 ring of strength
MPRegen  0.09/turn              n - +3 ring of intelligence

@: very slightly contaminated, invisible
A: change form in water, swift swim, stealthy swim
a: Berserk, Renounce Religion


You were in the Dungeon.
You worshipped Trog.
Trog was aware of your devotion.
You visited 1 branch

Inventory:

Hand Weapons
 a - a +0 trident (weapon)
Armour
 b - a +0 plate armour (worn)
 c - a +0 kite shield (worn)
 o - a +0 pair of boots (worn)
Jewellery
 m - a +3 ring of strength (left hand)
 n - a +3 ring of intelligence (right hand)
Wands
 l - a wand of acid (10)
Scrolls
 j - 2 scrolls of blinking
 k - 3 scrolls of remove curse
Potions
 d - a potion of might
 e - 5 potions of curing
 f - 2 potions of heal wounds
 g - a potion of haste
 h - 4 potions of magic


   Skills:
 + Level 7.5 Fighting
 + Level 7.8 Polearms
 + Level 4.8 Armour
 + Level 3.1 Dodging
 + Level 6.2 Shields


You had 4 spell levels left.
You didn't know any spells.
Your spell library was empty.

Dungeon Overview and Level Annotations

Branches:
Dungeon (1/1)

Altars:
Cheibriados
Dithmenos
Elyvilon
Fedhas
Gozag
Hepliaklqana
Kikubaaqudgha
Makhleb
Nemelex Xobeh
Okawaru
Qazlal
Ru
Sif Muna
Trog
Uskayaw
Vehumet
Wu Jian
Xom
Yredelemnul
Zin
The Shining One
Beogh
Jiyva
Lugonu


Message History

You fade into invisibility!
Something hits you but does no damage.
You are very lightly contaminated with residual magic.
You barely miss something. Something hits you but does no damage.
Something hits you.
You barely miss something. Something hits you.
* * * LOW HITPOINT WARNING * * *
Something hits you.
* * * LOW HITPOINT WARNING * * *
Something hits you but does no damage.
You closely miss something. Something hits you but does no damage.
You closely miss something. Something hits you but does no damage.
Something hits you.
* * * LOW HITPOINT WARNING * * *
You closely miss something.
Something hits you but does no damage. x2
You hit something. Something hits you but does no damage. Something hits you!
* * * LOW HITPOINT WARNING * * *
Your shield prevents you from hitting something.
Something hits you.
You die...

▓.▓
▓?▓
▓)▓
▓.▓
▓[▓
▓.▓
▓[▓
▓.▓
▓@▓
▓{▓
▓r▓
▓O▓
▓.▓
▓.▓
▓.▓
▓.▓


You could see an ogre and a quokka.

Vanquished Creatures
  An ogre (D)
  A wight (D)
  A hound (D)
  A worker ant (D)
  2 adders (D)
  A bat skeleton (D)
  A giant cockroach (D)
  2 hobgoblins (D)
  A frilled lizard (D)
  A kobold (D)
  A rat (D)
13 creatures vanquished.

Notes
Turn   | Place    | Note
-------+----------+-------------------------------------------
     0 | D        | mhtbhm the Merfolk Fighter began the quest for the Orb.
     0 | D        | Reached XP level 1. HP: 18/18 MP: 1/1
    53 | D        | Noticed a hound
    53 | D        | Noticed a worker ant
    53 | D        | Noticed an ogre
    66 | D        | Killed a hound
    66 | D        | Reached skill level 5 in Fighting
    66 | D        | Reached skill level 1 in Dodging
    66 | D        | Reached XP level 2. HP: 21/27 MP: 2/2
    66 | D        | Reached XP level 3. HP: 26/33 MP: 3/3
    70 | D        | Reached skill level 5 in Polearms
    70 | D        | Reached XP level 4. HP: 31/39 MP: 4/4
    75 | D        | Killed an ogre
    75 | D        | Reached skill level 5 in Shields
    75 | D        | Reached XP level 5. HP: 30/47 MP: 5/5
    82 | D        | Found a roughly hewn altar of Beogh.
    82 | D        | Found a snail-covered altar of Cheibriados.
    82 | D        | Found a shadowy altar of Dithmenos.
    82 | D        | Found a white marble altar of Elyvilon.
    82 | D        | Found a blossoming altar of Fedhas.
    82 | D        | Found an opulent altar of Gozag.
    83 | D        | Found a hazy altar of Hepliaklqana.
    84 | D        | Found a viscous altar of Jiyva.
    85 | D        | Found an ancient bone altar of Kikubaaqudgha.
    86 | D        | Found a corrupted altar of Lugonu.
    87 | D        | Found a burning altar of Makhleb.
    88 | D        | Found a sparkling altar of Nemelex Xobeh.
    89 | D        | Found an iron altar of Okawaru.
    90 | D        | Found a stormy altar of Qazlal.
    91 | D        | Found a sacrificial altar of Ru.
    92 | D        | Found a shimmering blue altar of Sif Muna.
    93 | D        | Found a bloodstained altar of Trog.
    94 | D        | Found a hide-covered altar of Uskayaw.
    95 | D        | Found a radiant altar of Vehumet.
    96 | D        | Found an ornate altar of the Wu Jian Council.
    97 | D        | Found a shimmering altar of Xom.
    98 | D        | Found a basalt altar of Yredelemnul.
    99 | D        | Found a glowing silver altar of Zin.
   100 | D        | Found a glowing golden altar of the Shining One.
   101 | D        | Became a worshipper of Trog the Wrathful
   246 | D        | Noticed an ogre
   265 | D        | Reached * piety under Trog
   305 | D        | HP: 1/48 [something (7)]
   306 | D        | Slain by an unseen horror

Illustrated notes

Levels and vault maps discovered:
D:        linesprint [early_d, line_temple, items_1, d_10, items_2, lair_1,
          lair_end, items_3, orc_1, orc_end, items_4, d_15, swamp_1, shoals_1,
          snake_1, spider_1, d_20, vaults_1, items_5, swamp_end, shoals_end,
          snake_end, spider_end, vaults_end, d_27, items_6, zot_1, zot_end,
          crypt_end, forest_end, elf_end, slime_end, tomb_end, abyss_end,
          pan_hell_end]

Skill      XL: |  1  2  3  4  5 |
---------------+----------------+-----
Fighting       | 5 6 7 |  7.5
Polearms       | 4 5 6 7 |  7.8
Armour         | 3 4 |  4.8
Dodging        | 1 2 3 |  3.1
Shields        | 4 5 6 |  6.2

Action                   |  1- 3 |  4- 6 || total
-------------------------+-------+-------++-------
Melee: Trident           |    31 |    63 ||    94
  Use: Potion            |     1 |     2 ||     3
Armor: Scale mail        |    14 |       ||    14
       Plate armour      |       |    54 ||    54
Dodge: Dodged            |     5 |     4 ||     9
Block: Kite shield       |     7 |    14 ||    21

Table legend: (Time is in decaauts)
 A = Elapsed time spent in this place.
 B = Non-inter-level travel time spent in this place.
 C = Inter-level travel time spent in this place.
 D = Time resting spent in this place.
 E = Time spent auto-exploring this place.
 F = Levels seen in this place.
 G = Mean time per level.
                   A        B        C        D        E       F      G
               +--------+--------+--------+--------+--------+-----+--------+
         Total |    321 |    321 |      0 |    112 |      3 |   1 |  321.0 |
       Dungeon |    321 |    321 |      0 |    112 |      3 |   1 |  321.0 |
               +--------+--------+--------+--------+--------+-----+--------+

Top non-repeatable levels by time:
       D: 321 daAuts
